 Dungeon Crawl Stone Soup version 0.29.1-14-g9c671dbff4 (webtiles) character file.

Game seed: 4837358092029699902

428 Ast3rio the Covered (level 6, -1/53 HPs)
             Began as a Hill Orc Fighter on Feb 17, 2023.
             Succumbed to a water moccasin's poison
             ... on level 7 of the Dungeon.
             The game lasted 00:07:47 (5281 turns).

Ast3rio the Covered (Hill Orc Fighter)              Turns: 5281, Time: 00:07:48

Health: -1/53      AC:  7    Str: 21    XL:     6   Next: 98%
Magic:  0/6        EV:  9    Int:  8    God:
Gold:   216        SH:  4    Dex: 10    Spells: 5/5 levels left

rFire   . . .      SeeInvis .   q - +2 short sword (speed)
rCold   . . .      Faith    .   c - +0 buckler
rNeg    . . .      Spirit   +   b - +0 scale mail
rPois   .          Reflect  .   (no helmet)
rElec   .          Harm     .   (no cloak)
rCorr   .          Rampage  .   (no gloves)
Will    .....                   (no boots)
Stlth   ..........              r - amulet of guardian spirit
HPRegen 0.17/turn               (no ring)
MPRegen 0.10/turn               (no ring)

@: lethally poisoned (-1 -> -18)
A: no striking features
a: no special abilities


You were on level 7 of the Dungeon.
You visited 1 branch of the dungeon, and saw 5 of its levels.

You collected 216 gold pieces.

Inventory:

Hand Weapons
 a - a +0 war axe
 q - a +2 short sword of speed (weapon)
 v - a +0 shortbow
 y - a +1 war axe of electrocution
Armour
 b - a +0 scale mail (worn)
 c - a +0 buckler (worn)
Magical Staves
 t - a staff of earth
Jewellery
 r - an amulet of guardian spirit (around neck)
 x - a ring of protection from fire
Scrolls
 e - 3 scrolls of silence {unknown}
 g - 2 scrolls of teleportation {unknown}
 h - 3 scrolls of magic mapping {unknown}
 k - a scroll of fear {unknown}
 p - 2 scrolls of identify {unknown}
 u - a scroll of enchant weapon {unknown}
 w - a scroll of immolation {unknown}
Potions
 d - 2 potions of might
 f - 2 potions of heal wounds {unknown}
 i - 2 potions of lignification {unknown}
 j - a potion of experience {unknown}
 l - 2 potions of invisibility {unknown}
 m - 2 potions of attraction {unknown}
 n - 2 potions of degeneration {unknown}
 o - a potion of berserk rage {unknown}
 s - 2 potions of curing {unknown}


   Skills:
 + Level 4.7 Fighting
 + Level 3.3 Short Blades
 + Level 4.6 Axes
 + Level 4.9 Armour
 + Level 1.0 Dodging
 + Level 0.3 Stealth
 + Level 4.1 Shields


You had 5 spell levels left.
You didn't know any spells.
Your spell library contained the following spells:

 Spells                   Type           Power      Damage    Failure   Level
 Ensorcelled Hibernation  Hex/Ice        0%         N/A       92%         2
 Passwall                 Tmut/Erth      0%         N/A       92%         2
 Dazzling Flash           Conj/Hex       0%         N/A       99%         3
 Gell's Gravitas          Tloc           0%         N/A       99%         3
 Lesser Beckoning         Tloc           0%         N/A       99%         3
 Swiftness                Air            0%         N/A       99%         3
 Teleport Other           Tloc           0%         N/A       99%         3
 Animate Armour           Summ/Erth      0%         N/A       100%        4
 Olgreb's Toxic Radiance  Pois           0%         N/A       100%        4
 Agony                    Necr           0%         N/A       100%        5
 Blade Hands              Tmut           0%         N/A       100%        5
 Silence                  Hex/Air        0%         N/A       100%        5
 Iron Shot                Conj/Erth      0%         9d1       100%        6
 Ozocubu's Refrigeration  Ice            0%         4d7       100%        7
 Ignition                 Fire           0%         3d3       100%        8


Dungeon Overview and Level Annotations

Branches:
Dungeon (4/15)             Temple (0/1) D:4

Altars:
Uskayaw
Xom


Message History

You hit the water moccasin.
The water moccasin is lightly wounded.
You feel sick. The water moccasin barely misses you.
You barely miss the water moccasin.
The water moccasin is lightly wounded.
You feel sick.
You hit the water moccasin.
The water moccasin is moderately wounded.
You feel sick. The water moccasin bites you.
You are more poisoned.
The water moccasin poisons you!
You closely miss the water moccasin.
The water moccasin is moderately wounded.
You feel very sick.
The water moccasin bites you but does no damage.
You barely miss the water moccasin.
The water moccasin is moderately wounded.
You feel very sick. The water moccasin bites you!
You are lethally poisoned!
The water moccasin poisons you!
You hit the water moccasin.
The water moccasin is heavily wounded.
You feel very sick. The water moccasin closely misses you.
You barely miss the water moccasin.
The water moccasin is heavily wounded.
* * * LOW HITPOINT WARNING * * *
You feel very sick. The water moccasin bites you.
* * * LOW HITPOINT WARNING * * *
You miss the water moccasin.
The water moccasin is heavily wounded.
* * * LOW HITPOINT WARNING * * *
You feel very sick. The water moccasin bites you!
* * * LOW HITPOINT WARNING * * *
You miss the water moccasin.
The water moccasin is heavily wounded.
You die...

.#..........####.........#
.......))................
###........#####...>....
#..........# #........
#..........## ##.......
#...........#####......
#.....>...#..#...#
#.........#......#
##.......##...@..#
##.....####..S..# ######
###...# #...# #...# #...#
#...# #####


You could see a water moccasin.

Vanquished Creatures
  A sky beast (D:4)
  A centaur (D:4)
  A jelly (D:7)
  An iguana (D:4)
  An orc wizard (D:4)
  A gnoll (D:1)
  4 adders
  3 worms
  2 dart slugs (D:1)
  19 orcs
  5 ball pythons
  9 endoplasms
  5 goblins
  7 hobgoblins
  12 jackals
  2 quokkas (D:1)
  4 bats
  4 frilled lizards
  7 kobolds
  5 rats
94 creatures vanquished.

Notes
Turn   | Place    | Note
-------+----------+-------------------------------------------
     0 | D:1      | Ast3rio the Hill Orc Fighter began the quest for the Orb.
     0 | D:1      | Reached XP level 1. HP: 19/19 MP: 1/1
   239 | D:1      | Reached XP level 2. HP: 26/27 MP: 2/2
   662 | D:1      | Reached XP level 3. HP: 31/33 MP: 3/3
  1191 | D:2      | Reached XP level 4. HP: 28/40 MP: 4/4
  1366 | D:2      | Found a faded altar of an unknown god.
  1420 | D:2      | Found a shimmering altar of Xom.
  1957 | D:2      | You fall into a shaft and drop 1 floor!
  2529 | D:3      | Found a hide-covered altar of Uskayaw.
  2642 | D:3      | Reached XP level 5. HP: 38/46 MP: 5/5
  3038 | D:4      | Found a staircase to the Ecumenical Temple.
  3334 | D:4      | Noticed a centaur
  3335 | D:4      | Reached skill level 1 in Short Blades
  3352 | D:4      | Killed a centaur
  3484 | D:4      | Noticed a sky beast
  3506 | D:4      | Killed a sky beast
  3507 | D:4      | Reached XP level 6. HP: 21/53 MP: 3/6
  4739 | D:4      | You fall into a shaft and drop 3 floors!
  4764 | D:7      | Reached skill level 1 in Dodging
  5268 | D:7      | Noticed a water moccasin
  5280 | D:7      | HP: 1/53 [water moccasin (6)]
  5281 | D:7      | Succumbed to a water moccasin's poison

Illustrated notes

Levels and vault maps discovered:
D:1:      minmay_arrival_four_circles, layout_loops_ring, st_stairs_2,
          minivault_19
D:2:      layout_loops_ring, basic_altar,
          hellmonk_ecumenical_altar_leap_of_faith, minmay_ruptured
D:3:      layout_basic, eat_drink_and_be_merry_uskayaw
D:4:      layout_basic, temple_green
D:7:      layout_rooms, minmay_door_square, kennysheep_crisscross,
          uniq_crazy_yiuf_cottage

Skill      XL: |  1  2  3  4  5  6 |
---------------+-------------------+-----
Axes           | 3 4 |  4.6
Fighting       | 4 |  4.7
Armour         | 4 |  4.9
Short Blades   | 2 3 |  3.3
Shields        | 4 |  4.1
Dodging        | 1 |  1.0
Stealth        | |  0.3

Action                   |  1- 3 |  4- 6 || total
-------------------------+-------+-------++-------
Melee: War axe           |    86 |    43 ||   129
       Short sword       |       |   292 ||   292
Armor: Scale mail        |    39 |   103 ||   142
Dodge: Dodged            |    58 |    91 ||   149
Block: Buckler           |    26 |    54 ||    80
